 Dungeon Crawl Stone Soup version 0.21-a0-264-g3e31e41 (webtiles) character file.

1410 JackS81 the Transmogrifier (level 8, -2/54 HPs)
             Began as a Merfolk Transmuter on Sept 9, 2017.
             Slain by AvylaarBelgium's ghost (9 damage)
             ... on level 6 of the Dungeon.
             The game lasted 00:24:58 (5903 turns).

JackS81 the Transmogrifier (Merfolk Transmuter)     Turns: 5903, Time: 00:24:58

Health: -2/54      AC:  2    Str: 12    XL:     8   Next: 70%
Magic:  8/11       EV: 21    Int: 14    God:
Gold:   334        SH:  0    Dex: 20    Spells: 2/11 levels left

rFire    . . .     SeeInvis .     - Unarmed
rCold    . . .     Gourm    .   (shield currently unavailable)
rNeg     . . .     Faith    .   (armour currently unavailable)
rPois    x         Spirit   .   (helmet currently unavailable)
rElec    .         Reflect  .   (cloak currently unavailable)
rCorr    .         Harm     .   (gloves currently unavailable)
MR       .....                  (boots currently unavailable)
Stlth    ++........             (no amulet)
HPRegen  0.18/turn              (no ring)
MPRegen  0.12/turn              (no ring)

@: spider-form (expiring)
A: (change form in water), (swift swim), (stealthy swim), sense surroundings 1,
strong 1
a: End Transformation


You were on level 6 of the Dungeon.
You were very hungry.
You were a venomous arachnid creature.
You visited 1 branch of the dungeon, and saw 6 of its levels.

You collected 334 gold pieces.

Inventory:

Missiles
 a - 47 arrows
 i - 169 stones (quivered)
 s - 4 exploding tomahawks
Armour
 b - a +0 robe (melded)
 e - a cursed +0 pair of boots (melded)
 w - +0 storm dragon scales
 A - the +4 ring mail of Noughts and Crosses {rC+}
   (You found it on level 6 of the Dungeon)

   It protects you from cold.
Wands
 u - a wand of random effects (26/48)
 z - a wand of iceblast (11/15)
 B - a wand of clouds (3/9)
Scrolls
 h - a scroll of enchant armour {unknown}
 j - 5 scrolls of remove curse
 l - 2 scrolls of teleportation
 m - a scroll of fog {unknown}
 p - a scroll of identify
 r - a scroll of blinking {unknown}
 t - 2 scrolls of magic mapping {unknown}
 y - a scroll of fear {unknown}
 C - a scroll of enchant weapon {unknown}
Potions
 k - a potion of invisibility
 n - a potion of brilliance {unknown}
 o - a potion of mutation
 q - a potion of heal wounds
 v - 2 potions of agility {unknown}
 x - a potion of cancellation {unknown}
Books
 c - a book of Changes

   Spells                             Type                      Level
   a - Beastly Appendage              Transmutation                1
   b - Sticks to Snakes               Transmutation                2
   c - Spider Form                    Transmutation/Poison         3
   d - Ice Form                       Ice/Transmutation            4
   e - Blade Hands                    Transmutation                5
Comestibles
 d - 4 bread rations
 f - 2 meat rations
 g - 2 royal jellies


   Skills:
 - Level 1.1 Fighting
 - Level 2.6 Dodging
 + Level 9.2 Unarmed Combat
 - Level 2.0 Spellcasting
 * Level 9.4 Transmutations


You had 2 spell levels left.
You knew the following spells:

 Your Spells              Type           Power        Failure   Level  Hunger
a - Beastly Appendage     Tmut           ####..       3%          1    ##.....
b - Spider Form           Tmut/Pois      ##........   26%         3    ####...
c - Blade Hands           Tmut           ####......   32%         5    ######.


Dungeon Overview and Level Annotations

Branches:
Dungeon (6/15)
 Temple: D:4-7

Altars:
Hepliaklqana
Kikubaaqudgha
Sif Muna
Trog
Vehumet

Annotations:
D:5 exclusion: statue
D:6 AvylaarBelgium's ghost, novice DsGl


Innate Abilities, Weirdness & Mutations

((You revert to your normal form in water.))
((You are very nimble and swift while swimming.))
((You are very stealthy in the water. (Stealth+)))
((You have a pair of small horns on your head.))
You passively map a small area around you.
Your muscles are strong. (Str +2)


Message History

You hit AvylaarBelgium's ghost but do no damage.
AvylaarBelgium's ghost is heavily damaged.
AvylaarBelgium's ghost completely misses you.
You hit AvylaarBelgium's ghost but do no damage.
AvylaarBelgium's ghost is heavily damaged.
AvylaarBelgium's ghost barely misses you.
You hit AvylaarBelgium's ghost but do no damage.
AvylaarBelgium's ghost is heavily damaged.
You bite AvylaarBelgium's ghost!
AvylaarBelgium's ghost is severely damaged.
AvylaarBelgium's ghost hits you.
* * * LOW HITPOINT WARNING * * *
You hit AvylaarBelgium's ghost but do no damage.
AvylaarBelgium's ghost is severely damaged.
AvylaarBelgium's ghost hits you!
* * * LOW HITPOINT WARNING * * *
You completely miss AvylaarBelgium's ghost.
AvylaarBelgium's ghost is severely damaged.
AvylaarBelgium's ghost hits you!
You die...

, ....##* ....### , , ,
....# , * , #..## ,, *
#..#** , , * #..# # *
#..# ### ## ##W# ,,+.# *
.# ##s# #.### , .# #..#
#...# .# ##### #..###
#...# * .#
#...######....#### #...#
.#
##.........###....###.<.#
.####..........#
####......##
...)...)......## ##.....#
* ........)..).##
##....## # ...#####.)).##
##......####.


You could see AvylaarBelgium's ghost.

Vanquished Creatures
  The ghost of Conn321 the Magician, an amateur OpWz (D:4)
  An orc warrior (D:6)
  A sky beast (D:5)
  2 ogres
  A centaur (D:5)
  3 bullfrogs
  A howler monkey (D:5)
  A crimson imp (D:5)
  A centaur zombie (D:5)
  3 hounds
  An orc priest (D:5)
  A centaur skeleton (D:5)
  Jessica (D:4)
  2 iguanas
  4 orc wizards
  Ijyb (D:4)
  A worker ant (D:6)
  A hound skeleton (D:4)
  5 adders
  A shadow imp (D:3)
  An ooze (D:4)
  An adder skeleton (D:5)
  2 leopard geckos
  25 orcs
  6 bats
  2 giant cockroaches
  4 goblins
  9 hobgoblins
  A quokka (D:4)
  6 frilled lizards
  9 kobolds
  A leopard gecko zombie (D:6)
  A quokka skeleton (D:4)
  5 rats
106 creatures vanquished.

Vanquished Creatures (others)
  An orc wizard (D:6)
  A bullfrog skeleton (D:5)
  An adder (D:5)
3 creatures vanquished.

Grand Total: 109 creatures vanquished

Notes
Turn   | Place    | Note
-------+----------+-------------------------------------------
     0 | D:1      | JackS81 the Merfolk Transmuter began the quest for the Orb.
     0 | D:1      | Reached XP level 1. HP: 15/15 MP: 3/3
    84 | D:1      | Reached XP level 2. HP: 15/21 MP: 3/5
  1228 | D:2      | Reached XP level 3. HP: 12/26 MP: 6/6
  1549 | D:2      | Learned a level 3 spell: Spider Form
  2125 | D:3      | Reached skill level 5 in Transmutations
  2158 | D:3      | Found an ancient bone altar of Kikubaaqudgha.
  2160 | D:3      | Found a bloodstained altar of Trog.
  2203 | D:3      | Reached XP level 4. HP: 25/32 MP: 3/7
  2477 | D:3      | Reached XP level 5. HP: 29/37 MP: 2/8
  3028 | D:4      | Noticed Conn321's ghost (amateur OpWz)
  3063 | D:4      | Killed Conn321's ghost
  3063 | D:4      | Reached skill level 5 in Unarmed Combat
  3063 | D:4      | Reached XP level 6. HP: 17/43 MP: 2/9
  3329 | D:4      | Noticed Jessica
  3359 | D:4      | Killed Jessica
  3383 | D:4      | Found a deep blue altar of Sif Muna.
  3678 | D:4      | Reached XP level 7. HP: 39/48 MP: 7/10
  3906 | D:4      | Found a hazy altar of Hepliaklqana.
  4036 | D:4      | Noticed Ijyb
  4045 | D:4      | Killed Ijyb
  4286 | D:5      | Entered Level 5 of the Dungeon
  4295 | D:5      | Learned a level 5 spell: Blade Hands
  4635 | D:5      | Found a radiant altar of Vehumet.
  4860 | D:5      | Reached XP level 8. HP: 45/54 MP: 7/11
  5422 | D:6      | Gained mutation: You have a pair of small horns on your head. [potion of mutation]
  5422 | D:6      | Gained mutation: You passively map a small area around you. [potion of mutation]
  5422 | D:6      | Gained mutation: Your muscles are strong. (Str +2) [potion of mutation]
  5499 | D:6      | Noticed AvylaarBelgium's ghost (novice DsGl)
  5768 | D:6      | Got a faintly glowing ring mail
  5769 | D:6      | Identified the +4 ring mail of Noughts and Crosses {rC+} (You found it on level 6 of the Dungeon)
  5903 | D:6      | Slain by AvylaarBelgium's ghost

Vault maps used:
D:1:      erik_arrival_cave_to_civilisation, minmay_tromino_i2
D:3:      chequers_temple_overflow_statue_of_worship, kennysheep_generic_room_15
D:4:      tgw_sif, lemuel_coloured_pillars_altar, first_bread,
          hangedman_decor_riveting, uniq_ijyb
D:5:      vehumet_statue, lemuel_flamethrower_2
D:6:      overflow_temple_1_default, minmay_temple_entry_overgrown,
          serial_shops, nicolae_shop_behind_doors, supply_closet_lemuel

Skill      XL: |  1  2  3  4  5  6  7  8 |
---------------+-------------------------+-----
Transmutations | 3 4 5 6 8 9 |  9.4
Unarmed Combat | 4 5 6 7 9 |  9.2
Fighting       | |  1.1
Dodging        | |  2.6
Spellcasting   | |  2.0

Action                   |  1- 3 |  4- 6 |  7- 9 || total
-------------------------+-------+-------+-------++-------
Melee: Unarmed           |   134 |    96 |   139 ||   369
       Headbutt          |    15 |     3 |     3 ||    21
Throw: Stone             |     6 |     6 |     1 ||    13
 Cast: Beastly Appendage |    17 |     5 |       ||    22
       Spider Form       |     4 |    11 |    20 ||    35
 Abil: End Transformatio |       |     1 |       ||     1
  Use: Potion            |       |     1 |     4 ||     5
       Scroll            |       |       |     4 ||     4
 Stab: Sleeping          |       |       |     1 ||     1
       Invisible         |       |       |     2 ||     2
  Eat: Chunk             |     3 |     3 |     8 ||    14
       Fruit             |     2 |     1 |       ||     3
       Bread ration      |       |     1 |       ||     1
Armor: Robe              |    47 |     4 |     2 ||    53
       Skin              |       |     1 |     5 ||     6
       Storm dragon scal |       |       |     3 ||     3
Dodge: Dodged            |   102 |    45 |   106 ||   253

Table legend:
 A = Spawn XP
 B = Non-spawn XP
 C = Spawn XP percentage of total XP
 D = Spawn monster count
 E = Non-spawn monster count
 F = Spawn count percentage of total count
 G = Total turns spent on level
                    A         B        C        D         E        F      G
               +---------+---------+-------+---------+---------+-------+---------
         Total |       0 |    2015 |   0.0 |       0 |     107 |   0.0 |  5903
               +---------+---------+-------+---------+---------+-------+---------
           D:1 |       0 |      32 |   0.0 |       0 |      22 |   0.0 |  1214
           D:2 |       0 |      21 |   0.0 |       0 |       6 |   0.0 |   768
           D:3 |       0 |     149 |   0.0 |       0 |      32 |   0.0 |   970
           D:4 |       0 |     488 |   0.0 |       0 |      16 |   0.0 |  1334
           D:5 |       0 |     868 |   0.0 |       0 |      22 |   0.0 |  1085
           D:6 |       0 |     457 |   0.0 |       0 |       9 |   0.0 |   532
               +---------+---------+-------+---------+---------+-------+---------
